cohdb
Replays
Latest Replays
All Replays
Popular Replays
Top Player Replays
Match Explorer
How It Works
Community
CoH3 Stats
Reddit
Sign in to upload your games and track your stats! →
Sign in with Steam
Match 42086778
Unlisted
Match 42086778
Overview
Messages
Build Orders
End
Construct Barracks
Selects Armored Battlegroup
Riflemen Squad
M1 Mortar Team
Construct Weapon Support Center
Bazooka Squad
M1919 Machine Gun Team
Construct Medical Station
Infantry Support Center
Selects Fast Deploy
Construct Motor Pool
Grenade Package
M8 Greyhound Armored Car
Selects Seek and Destroy
M24 Chaffee Light Tank
M3 Armored Personnel Carrier
Selects UNKNOWN (2160077)
Engineer Squad
Selects Veteran Crews
Selects Field Repairs
Bazooka Squad
Bazooka Squad
Improved M9 Bazooka Rockets
M3 Armored Personnel Carrier
M3 Armored Personnel Carrier
Selects War Machine
Construct Tank Depot
Riflemen Squad
Riflemen Squad
Bazooka Squad
Engineer Squad
dog
ItsBrettos
vonAJ
N1kxo
Birnenmann
Mahi1337
0
0
Comments
sign in to comment!
No comments posted yet!